Map: Ruins of Seras

Players

Toons - Winner!

  • Race: Protoss Protoss
  • League: Gold

Deizuh

  • Race: Protoss Protoss
  • League: Gold

VOD

Have the link to the VOD?

Description

Time

  • Played on: Jan. 27, 2016, 4:08 a.m.
  • Length: 12:18
Show
View Real Time Build Order
Export as new Build Order

Toons Protoss - Winner!

Build Orders:  

Get SALT Encoding   

  12  0:01  Probe (Chrono Boost)  
  13  0:11  Probe (Chrono Boost)  
  14  0:20  Pylon  
  14  0:24  Probe (Chrono Boost)  
  15  0:38  Probe (Chrono Boost)  
  16  0:47  Gateway  
  16  0:49  Probe (Chrono Boost)  
  17  0:52  Assimilator  
  17  0:59  Probe (Chrono Boost)  
  18  1:10  Probe (Chrono Boost)  
  19  1:18  Pylon  
  19  1:20  Probe (Chrono Boost)  
  20  1:36  Cybernetics Core  
  20  1:41  Probe (Chrono Boost)  
  21  1:54  Nexus  
  21  1:58  Probe (Chrono Boost)  
  22  2:03  Assimilator  
  22  2:09  Probe (Chrono Boost)  
  22  2:12  Warp Gate  
  22  2:15  Adept  
  25  2:19  Probe (Chrono Boost)  
  27  2:30  Probe (Chrono Boost)  
  27  2:40  Probe (Chrono Boost)  
  28  2:48  Forge  
  28  2:49  Adept  
  30  2:52  Probe (Chrono Boost)  
  31  3:04  Pylon  
  31  3:06  Probe (Chrono Boost)  
  31  3:08  Probe (Chrono Boost)  
  33  3:17  Probe (Chrono Boost)  
  34  3:21  Mothership Core (Chrono Boost)  
  34  3:22  Adept  
  37  3:27  Photon Cannon  
  37  3:40  Gateway, Probe (Chrono Boost)  
  38  3:43  Probe (Chrono Boost)  
  39  3:50  Probe (Chrono Boost)  
  39  3:53  Probe (Chrono Boost)  
  41  4:01  Probe (Chrono Boost)  
  42  4:07  Probe (Chrono Boost)  
  43  4:10  Assimilator  
  43  4:11  Probe (Chrono Boost)  
  43  4:12  Assimilator  
  44  4:17  Stargate  
  44  4:18  Pylon  
  44  4:23  Stalker  
  46  4:25  Probe (Chrono Boost)  
  47  4:34  Probe (Chrono Boost)  
  48  4:40  Robotics Facility  
  48  4:43  Stalker  
  50  4:50  Probe x2 (Chrono Boost)  
  52  5:01  Probe x2 (Chrono Boost)  
  54  5:09  Pylon  
  54  5:11  Stalker x2  
  60  5:20  Oracle  
  60  5:21  Pylon  
  62  5:25  Probe (Chrono Boost)  
  62  5:29  Observer  
  62  5:31  Pylon  
  63  5:38  Gateway  
  63  5:39  Gateway  
  63  5:40  Protoss Ground Weapons Level 1 (Chrono Boost)  
  63  5:41  Gateway  
  63  5:45  Probe x2 (Chrono Boost)  
  65  5:50  Warp Prism  
  65  5:56  Probe x2 (Chrono Boost)  
  69  5:58  Pylon  
  69  6:05  Oracle  
  69  6:08  Probe (Chrono Boost)  
  73  6:14  Twilight Council  
  73  6:16  Probe (Chrono Boost)  
  74  6:43  Probe  
  74  6:45  Probe  
  74  6:47  Stalker x2  
  78  6:52  Immortal  
  84  6:54  Pylon  
  84  7:00  Photon Cannon  
  84  7:01  Probe  
  84  7:02  Photon Cannon  
  84  7:03  Probe  
  84  7:05  Zealot x3  
  92  7:18  Probe  
  92  7:20  Probe  
  92  7:22  Void Ray  
  93  7:31  Zealot x2  
  93  7:32  Zealot x2  
  93  7:36  Pylon, Charge  
  101  7:37  Pylon  
  101  7:40  Protoss Ground Armor Level 1 (Chrono Boost)  
  101  7:54  Immortal  
  101  7:57  Zealot x2  
  101  7:58  Zealot x3  
  107  8:23  Stalker  
  102  8:38  Mothership Core  
  102  8:40  Stalker  
  102  8:45  Pylon  
  102  8:47  Pylon  
  100  8:50  Zealot  
  100  8:51  Zealot  
  102  8:56  Nexus  
  102  9:00  Pylon  
  102  9:02  Pylon  
  97  9:03  Pylon  
  97  9:05  Pylon  
  97  9:19  Void Ray  
  97  9:27  Photon Cannon  
  97  9:29  Photon Cannon  
  97  9:30  Photon Cannon  
  97  9:32  Probe  
  97  9:33  Observer  
  97  9:34  Probe  
  100  9:43  Probe  
  101  9:46  Probe  
  101  9:48  Zealot  
  101  9:49  Protoss Ground Weapons Level 2 (Chrono Boost), Zealot x2  
  108  9:53  Probe  
  108  9:56  Stargate  
  108  9:58  Probe  
  110  10:06  Probe  
  110  10:10  Probe  
  112  10:22  Zealot x3  
  112  10:24  Void Ray  
  122  10:29  Assimilator  
  122  10:32  Assimilator  
  122  10:36  Pylon  
  122  10:41  Void Ray  
  126  10:44  Observer  
  126  10:45  Pylon  
  126  10:46  Zealot  
  126  10:48  Zealot  
  131  11:07  Zealot x2  
  129  11:30  Stalker x3  
  115  11:55  Stalker x3  
  115  12:00  Probe  
  119  12:01  Probe  
  121  12:13  Photon Cannon x2  
  121  12:15  Photon Cannon  
Show
View Real Time Build Order
Export as new Build Order

Deizuh Protoss 

Build Orders: Nexus First 

Get SALT Encoding   

  12  0:01  Probe (Chrono Boost)  
  13  0:11  Probe (Chrono Boost)  
  14  0:19  Pylon  
  14  0:23  Probe (Chrono Boost)  
  15  0:37  Probe (Chrono Boost)  
  16  0:58  Nexus  
  16  1:01  Probe (Chrono Boost)  
  17  1:11  Gateway  
  17  1:16  Probe (Chrono Boost)  
  18  1:26  Probe (Chrono Boost)  
  18  1:30  Assimilator  
  19  1:33  Assimilator  
  19  1:38  Probe (Chrono Boost)  
  20  1:48  Probe (Chrono Boost)  
  20  1:49  Gateway  
  21  1:54  Pylon  
  21  2:06  Cybernetics Core  
  21  2:12  Probe (Chrono Boost)  
  22  2:19  Probe (Chrono Boost)  
  23  2:23  Probe (Chrono Boost)  
  24  2:30  Probe (Chrono Boost)  
  24  2:33  Probe (Chrono Boost)  
  26  2:42  Stalker (Chrono Boost)  
  26  2:43  Stalker (Chrono Boost)  
  30  2:48  Mothership Core (Chrono Boost)  
  32  3:00  Probe (Chrono Boost)  
  33  3:06  Probe (Chrono Boost)  
  33  3:07  Pylon  
  33  3:09  Probe (Chrono Boost)  
  33  3:10  Warp Gate (Chrono Boost)  
  35  3:18  Probe  
  35  3:19  Probe  
  36  3:27  Twilight Council, Stalker  
  37  3:30  Probe (Chrono Boost)  
  37  3:32  Probe (Chrono Boost)  
  42  3:41  Probe (Chrono Boost)  
  42  3:43  Probe (Chrono Boost)  
  42  3:46  Pylon  
  43  3:52  Probe (Chrono Boost)  
  43  3:53  Probe (Chrono Boost)  
  45  4:02  Blink (Chrono Boost), Probe (Chrono Boost)  
  46  4:03  Probe (Chrono Boost)  
  47  4:12  Probe  
  47  4:13  Probe  
  47  4:15  Pylon  
  47  4:16  Assimilator  
  49  4:21  Assimilator  
  49  4:23  Probe  
  49  4:26  Probe  
  49  4:29  Stalker  
  49  4:30  Robotics Facility  
  53  4:34  Probe  
  53  4:38  Probe  
  55  4:51  Gateway  
  55  5:02  Pylon  
  55  5:03  Gateway  
  55  5:06  Gateway, Probe (Chrono Boost)  
  56  5:08  Gateway  
  56  5:11  Gateway  
  56  5:17  Probe  
  57  5:24  Observer (Chrono Boost), Gateway  
  57  5:26  Gateway  
  58  5:28  Gateway  
  58  5:35  Forge  
  58  5:41  Pylon  
  58  5:43  Observer (Chrono Boost)  
  59  5:52  Probe (Chrono Boost)  
  60  5:57  Nexus  
  60  6:00  Warp Prism (Chrono Boost)  
  60  6:01  Assimilator  
  60  6:02  Protoss Ground Weapons Level 1 (Chrono Boost)  
  60  6:03  Probe (Chrono Boost)  
  63  6:04  Assimilator  
  63  6:07  Pylon  
  63  6:08  Stalker x2  
  67  6:28  Photon Cannon  
  65  6:35  Stalker x3  
  66  6:42  Probe (Chrono Boost)  
  67  6:53  Probe (Chrono Boost)  
  67  6:54  Probe (Chrono Boost)  
  69  7:00  Stalker x4  
  69  7:01  Stalker x2  
  81  7:06  Probe (Chrono Boost)  
  82  7:10  Probe x2 (Chrono Boost)  
  82  7:15  Pylon  
  84  7:17  Photon Cannon  
  84  7:18  Probe (Chrono Boost)  
  85  7:31  Stalker x3  
  85  7:32  Stalker  
  85  7:35  Probe (Chrono Boost)  
  85  7:36  Probe (Chrono Boost)  
  95  7:42  Observer, Templar Archives  
  96  7:44  Protoss Ground Weapons Level 2  
  96  7:47  Sentry x2  
  96  7:48  Sentry  
  102  7:59  Stalker x3  
  108  8:16  Zealot  
  108  8:17  Zealot x3  
  95  8:32  Zealot x2  
  95  8:33  Zealot  
  91  8:36  Zealot  
  76  9:00  Probe x2 (Chrono Boost)  
  76  9:02  Probe (Chrono Boost)  
  79  9:06  Pylon  
  79  9:12  Psionic Storm  
  77  9:35  Pylon x2  
  77  9:41  Pylon  
  77  9:42  High Templar x2  
  77  9:43  High Templar x2  
  85  9:47  Probe (Chrono Boost)  
  85  9:48  Probe (Chrono Boost)  
  87  9:57  Probe x2 (Chrono Boost)  
  89  10:22  Stalker x3  
  95  10:38  Probe (Chrono Boost)  
  95  10:40  Probe x2 (Chrono Boost)  
  98  10:48  Probe (Chrono Boost)  
  99  10:51  Probe (Chrono Boost)  
  99  10:56  High Templar x3  
  106  10:58  Zealot x2  
  106  11:00  Archon  
  106  11:01  Probe (Chrono Boost)  
  106  11:04  Probe x2 (Chrono Boost)  
  113  11:08  Zealot  
  115  11:12  Probe (Chrono Boost)  
  115  11:14  Probe x2 (Chrono Boost)  
  116  11:22  Probe (Chrono Boost)  
  97  11:39  Stalker x3  
  86  11:42  Stalker  
  86  11:43  Stalker x3  
  78  11:58  Stalker x3  
Tags
 
League
GoldGold
Matchup
PvP
Replay Pack
toons-pack1
Add a new tag
Caveats
  • Supply blocks, unpowered buildings, or Contaminate may cause inaccurate times.
  • Supply counts are checked every 10 seconds.